[Event "45th FIDE Olympiad 2024"]
[Site "Budapest"]
[Date "2024.09.16"]
[Round "6.129"]
[White "Dardha, Daniel"]
[Black "Santos Flores, Alberto"]
[Result "1-0"]
[ECO "D15"]
[WhiteElo "2603"]
[BlackElo "2168"]
[Annotator "TA"]
[PlyCount "63"]
[EventDate "2024.09.05"]
[EventType "team-tourn"]
[EventCountry "HUN"]
[SourceTitle "playchess.com"]
[Source "ChessBase"]
[SourceQuality "1"]
[WhiteTeam "Belgium"]
[BlackTeam "Ecuador"]
[WhiteTeamCountry "BEL"]
[BlackTeamCountry "ECU"]
[TimeControl "40/5400+30:1800+30"]

1. c4 c6 2. Nf3 d5 3. e3 Nf6 4. d4 a6 5. Nc3 b5 6. b3 Bg4 7. h3 Bxf3 8. Qxf3 e5 9. dxe5 Bb4 $1 10. Bd2 Bxc3 $1 11. Bxc3 {The position is equal.} Ne4 12. Bb4 bxc4 $1 {Strongly threatening ...Qb6.} 13. bxc4 {Qg4 is the strong threat.} Qb6 $1 14. Rb1 a5 $1 15. cxd5 $1 cxd5 16. Bc4 {A strong pair of Bishops.} Qc6 (16... axb4 $2 17. Bxd5 Ng5 18. Bxf7+ Nxf7 19. Qxa8 $18) (16... Qb7 $5 17. e6 Nf6 $16 (17... dxc4 $2 18. exf7+ Qxf7 19. Qxe4+ Kd7 20. Qxa8 $18) (17... axb4 $2 18. Bxd5 Ng5 19. exf7+ Kf8 20. Qf5 $18)) 17. e6 $1 Nf6 $2 {[#] This move loses the game for Black.} (17... fxe6 $11 {and Black is okay.} 18. Qh5+ Kd7) 18. Ba3 $1 $18 (18. exf7+ Kxf7 19. Bb3 axb4 $17) 18... Qxc4 (18... dxc4 19. Rxb8+ Rxb8 20. Qxc6+ Kd8 21. e7#) 19. Rc1 {Prevents Qc3+} Qa6 {[#]} ({Weaker is} 19... Qxa2 20. Rc8#) 20. exf7+ Kxf7 {[%cal Be8f7,Bf7g8,Bg8g7,Bg7h6,Bh6g6][%mdl 32] Threatens to win with ...Rc8.} 21. Rc7+ Kg8 22. Qf5 $40 {[%mdl 128] Prevents Nbd7. White goes for the king.} g6 $2 (22... Nbd7) 23. Qe5 Nbd7 $2 {[#]} (23... Qb6 24. O-O (24. Rc8+ Kg7 $18) 24... Nbd7 25. Rxd7 Nxd7 26. Qxd5+ Kg7) 24. Rxd7 $1 Nxd7 (24... Qb6 25. Rc7) 25. Qxd5+ Kg7 26. Qxd7+ Kh6 27. g4 $2 (27. Bb2 {Threatening mate with Bg7+.} Rhg8 28. g4 Qc4 29. f4 Qb4+ 30. Kf1 g5 31. Qe6+ (31. Qc6+ Rg6 32. fxg5+ Kxg5 33. Qd5+ Kh4 34. Qh5+ Kg3 35. Rg1+ Kf3 36. Qd5+ Qe4 37. Qd1+ Kxe3 38. Bc1#) 31... Rg6 32. fxg5+ Kxg5 33. Qf5+ Kh4 34. Bf6+ Rxf6 35. Qxf6+ Kg3 36. Qf2#) 27... Qc4 $2 (27... Qc8 $18 28. Qd4 Qe6) 28. f4 {[%cal Bf2f4,Bf4g5][%mdl 32] White mates.} Qc3+ 29. Kf2 Qc2+ 30. Kg3 g5 31. fxg5+ Kg6 32. Rc1 {Weighted Error Value: White=0.21 (precise) /Black=0.56.  Loses game:     	---       	Black=1      Mistake:       	---       	Black=2      Inaccurate:     	---       	Black=1      OK:         	White=8     	Black=3      Best:        	White=1     	Black=1      Strong:       	White=3     	Black=5      Brilliant:      	White=1     	---} 1-0

[Event "45th FIDE Olympiad 2024"]
[Site "Budapest"]
[Date "2024.09.16"]
[Round "6.130"]
[White "Noboa Silva, Kevin"]
[Black "Vandenbussche, Thibaut"]
[Result "1-0"]
[ECO "A40"]
[WhiteElo "2270"]
[BlackElo "2461"]
[Annotator "RC"]
[PlyCount "179"]
[EventDate "2024.09.05"]
[EventType "team-tourn"]
[EventCountry "HUN"]
[SourceTitle "playchess.com"]
[Source "ChessBase"]
[SourceQuality "1"]
[WhiteTeam "Ecuador"]
[BlackTeam "Belgium"]
[WhiteTeamCountry "ECU"]
[BlackTeamCountry "BEL"]
[TimeControl "40/5400+30:1800+30"]

1. d4 e6 2. c4 Bb4+ 3. Bd2 Bxd2+ 4. Qxd2 Nf6 5. Nc3 O-O 6. e3 b6 7. Bd3 Bb7 8. Nge2 d5 9. cxd5 Nxd5 10. O-O Nxc3 11. Nxc3 Nd7 12. Be4 Qc8 13. Rac1 Nf6 14. Bxb7 Qxb7 15. b4 Rfd8 16. Qb2 Rd7 17. Rc2 Re8 18. Rfc1 e5 19. Nb5 exd4 20. Rxc7 Rxc7 21. Rxc7 Qd5 22. Nxd4 Qe5 23. Qc1 Nd5 24. Rc8 g6 25. Nf3 Qe7 26. Rxe8+ Qxe8 27. Qc4 Qd7 28. h3 Ne7 29. Ne5 Qd1+ 30. Kh2 Qd5 31. Qc7 Qe6 32. Nd7 Kg7 33. a3 Nd5 34. Qe5+ Qxe5+ 35. Nxe5 a5 36. bxa5 bxa5 37. Nc4 a4 38. Kg3 f5 39. Kf3 Nc3 40. Nd2 Kf7 41. Kf4 Nd1 42. e4 Kf6 43. exf5 g5+ 44. Kf3 Kxf5 45. Nc4 Nc3 46. Ke3 Nb5 47. g4+ Ke6 48. Ke4 Nc3+ 49. Kd4 Ne2+ 50. Kd3 Nf4+ 51. Ke3 Nxh3 52. Nb6 Nf4 53. Nxa4 Ke5 54. Nc5 Nd5+ 55. Kf3 Nc3 56. Nd7+ Kd6 57. Nf6 Nb5 58. Nxh7 Nxa3 59. Ke4 Ke6 60. Nxg5+ Kf6 61. f4 Nc4 62. Nf3 Nd6+ 63. Ke3 Nc4+ 64. Kf2 Ke6 65. Kg3 Ne3 66. Nd2 Kf6 67. Kf3 Nd5 68. Ne4+ Ke6 69. Ng3 Kf6 70. Ne2 Ke6 71. Nd4+ Kf6 72. Kg3 Ne3 73. Kf3 Nd5 74. Nc2 Ke6 75. Ne3 Nc3 76. g5 Nb5 77. Kg4 Nd4 78. f5+ Kf7 79. Nd5 Kg7 80. Nf4 Kf7 81. Nd3 Nc6 82. Kf4 Ke7 83. Ne5 Nd4 84. g6 Kf6 85. Ng4+ Kg7 86. Kg5 Nf3+ 87. Kh5 Nd4 88. f6+ Kh8 89. g7+ Kh7 90. Nh6 1-0

[Event "45th FIDE Olympiad 2024"]
[Site "Budapest"]
[Date "2024.09.16"]
[Round "6.131"]
[White "Maerevoet, Sim"]
[Black "Garzon Zapatanga, Christopher Leonel"]
[Result "1/2-1/2"]
[ECO "B90"]
[WhiteElo "2432"]
[BlackElo "2216"]
[Annotator "TA"]
[PlyCount "81"]
[EventDate "2024.09.05"]
[EventType "team-tourn"]
[EventCountry "HUN"]
[SourceTitle "playchess.com"]
[Source "ChessBase"]
[SourceQuality "1"]
[WhiteTeam "Belgium"]
[BlackTeam "Ecuador"]
[WhiteTeamCountry "BEL"]
[BlackTeamCountry "ECU"]
[TimeControl "40/5400+30:1800+30"]

1. e4 c5 2. Nf3 d6 3. d4 cxd4 4. Nxd4 Nf6 5. Nc3 a6 6. h3 e5 7. Nf3 Be7 8. g4 Nc6 9. g5 {White is slightly better.} Nd7 10. Be3 Nc5 11. Bc4 Be6 12. Bd5 Qc7 13. a3 O-O 14. h4 b5 15. g6 b4 (15... Na4 $1 $11 {keeps the balance.}) 16. axb4 {White is more active.} (16. gxf7+ {with more complications.} Bxf7 17. Bxf7+ Rxf7 18. Nd5) 16... Nxb4 17. Bxa8 Rxa8 18. gxh7+ Kh8 19. Rc1 f5 20. exf5 (20. Nd5 $16 Nxd5 21. exd5) 20... Bxf5 $11 {This pair of bishops is nice.} 21. Ng5 Bxg5 22. hxg5 d5 23. Qf3 Nxc2+ 24. Rxc2 Bxc2 25. Qxd5 (25. O-O $15 Nb3 26. Qxd5 (26. Nxd5 Qb7 $15)) 25... Nd3+ $17 26. Kf1 Rd8 27. Qe4 Ne1 (27... Nxb2 28. Qxc2 Qc4+ 29. Kg2 Qg4+ 30. Kf1 Qc4+ 31. Qe2 Qxc3 32. Rh3 $16 (32. Qxa6 Nc4 $15)) 28. Qg4 (28. Bb6 $17 Qxb6 (28... Bxe4 29. Bxc7 Bxh1 30. Bxd8 $11) 29. Qxe1) 28... Qb7 $19 29. Rh3 Qxb2 30. Bd2 {[#]} (30. Ne4 $2 Qb5+ (30... Qb1 $2 31. f3 $19) 31. Kg1 Qb1 $19) 30... Nd3 {[%cal Od3f2] Hoping for ...Nxf2!} 31. g6 Qb7 (31... Nxf2 $19 32. Qg5 Qb6 (32... Nxh3 33. Qxd8#)) 32. Qe4 Qxe4 (32... Qb8 $17 {[%cal Od3f2] aiming for ...Nxf2!} 33. Rg3 Nb4) 33. Nxe4 $11 {[#]} Nxf2 $1 34. Kxf2 Bxe4 $17 {[%mdl 4096] Endgame. KRB-KRB} 35. Bc3 Bxg6 (35... Re8 {is interesting.} 36. Rg3 Re6 37. Rg5 Bxg6 38. Rxe5 Rf6+) 36. Bxe5 Bxh7 37. Rg3 {The position is equal.} Rd2+ 38. Ke1 Rd7 39. Rxg7 Rxg7 40. Kd2 Kg8 41. Bxg7 {Black had all chances to win.   Weighted Error Value: White=0.24 (precise) /Black=0.20 (precise) .  Loses game:     	White=1     	---        Missed win:     	---       	Black=1      Mistake:       	White=2     	Black=2      Inaccurate:     	White=3     	Black=4      OK:         	White=13    	Black=9      Best:        	White=2     	Black=5} 1/2-1/2

[Event "45th FIDE Olympiad 2024"]
[Site "Budapest"]
[Date "2024.09.16"]
[Round "6.132"]
[White "Munoz Sanchez, Miguel"]
[Black "Hovhannisyan, Mher"]
[Result "1/2-1/2"]
[ECO "C00"]
[WhiteElo "2181"]
[BlackElo "2414"]
[Annotator "TA"]
[PlyCount "106"]
[EventDate "2024.09.05"]
[EventType "team-tourn"]
[EventCountry "HUN"]
[SourceTitle "playchess.com"]
[Source "ChessBase"]
[SourceQuality "1"]
[WhiteTeam "Ecuador"]
[BlackTeam "Belgium"]
[WhiteTeamCountry "ECU"]
[BlackTeamCountry "BEL"]
[TimeControl "40/5400+30:1800+30"]

1. e4 e6 2. Qe2 Be7 3. Nf3 d5 4. d3 Nf6 5. g3 b5 6. Bg2 {C00: French: Unusual White 2nd moves.} Bb7 7. e5 Nfd7 8. O-O c5 9. h4 Nc6 10. Bf4 h6 11. h5 b4 $146 ({Predecessor:} 11... a5 12. a4 b4 13. Nbd2 Nb6 14. Rfe1 Ba6 15. c4 bxc3 16. bxc3 Rb8 17. g4 Qd7 {0-1 Congiu,M (2274)-McDonald,N (2415) BCF-chT1a 1516 (4NCL) 2015 (6.135)}) 12. c3 bxc3 13. bxc3 Ba6 14. Nbd2 Nb6 15. Rfd1 Na4 16. Rdc1 $1 Nb2 (16... O-O $15) 17. Ne1 $11 c4 18. Qg4 Kf8 19. Rab1 Rb8 $1 20. d4 Kg8 21. Be3 Ba3 22. Nc2 Bf8 23. f4 Na4 (23... Qa5 {seems wilder.} 24. f5 Bc8 25. f6 Qxc3 26. Be4 Nd8) 24. f5 (24. Rxb8 {simplifies} Qxb8 25. Nb1 Ne7 26. Bd2) 24... Rxb1 25. Nxb1 exf5 26. Qxf5 Bc8 27. Qf2 Be6 28. Ne1 Be7 29. Bf3 Nb6 30. Ng2 Qd7 31. Rf1 Bg5 32. Bd1 Ne7 (32... Nd8 $11) 33. Bc2 $16 Bxe3 (33... Qe8 $142) 34. Nxe3 $16 Nc6 35. Qf4 Qe7 36. Nd2 Qg5 37. Nf3 ({Better is} 37. Qxg5 $18 hxg5 38. g4) 37... Qxh5 $16 {[#]} 38. Nf5 $1 g5 $2 (38... g6 $1 $14 39. Nd6 Qg4) 39. Qe3 $18 Qh3 $2 (39... Bxf5 40. Bxf5 Ne7) 40. Nh2 $18 Nc8 41. Rf3 g4 $2 (41... Qh5 42. g4 Qg6) 42. Rf4 $18 N8e7 43. Rxg4+ Kf8 44. Nxe7 $2 (44. Qf3 $18 Ng6 45. Rxg6 (45. Nd6 $2 Ncxe5 46. dxe5 Nxe5 $19) 45... fxg6 46. Ne3+ (46. Nxh6+ Ke8 $17) 46... Ke8 47. Qf6 (47. Bxg6+ Kd8 $18) 47... Qxg3+ 48. Ng2) 44... Nxe7 $14 45. Rh4 (45. Qf4 $5 Rg8 (45... Bxg4 $2 46. Nxg4 Kg8 47. Kf2 $18) 46. Rxg8+ Nxg8 47. Nf1 $14) 45... Nf5 $1 46. Bxf5 (46. Rxh3 $2 {too greedy.} Nxe3 47. g4 Nxc2 $19) 46... Qxf5 47. Rxh6 Qb1+ 48. Nf1 Rxh6 49. Qxh6+ Ke8 50. Qh8+ Kd7 51. Qa8 Qxa2 52. Qb7+ Ke8 53. Qb8+ Kd7 1/2-1/2

[Event "45th FIDE Olympiad 2024"]
[Site "Budapest"]
[Date "2024.09.16"]
[Round "6.133"]
[White "Bagheri, Amir"]
[Black "Galaviz Medina, Sion Radamantys"]
[Result "0-1"]
[ECO "D02"]
[WhiteElo "2372"]
[BlackElo "2488"]
[Annotator "TA"]
[PlyCount "102"]
[EventDate "2024.09.05"]
[EventType "team-tourn"]
[EventCountry "HUN"]
[SourceTitle "playchess.com"]
[Source "ChessBase"]
[SourceQuality "1"]
[WhiteTeam "Monaco"]
[BlackTeam "Mexico"]
[WhiteTeamCountry "MNC"]
[BlackTeamCountry "MEX"]
[TimeControl "40/5400+30:1800+30"]

1. d4 Nf6 2. Nf3 e6 3. Bf4 c5 4. e3 d5 5. Nbd2 Nc6 6. Bb5 Bd6 7. dxc5 Bxc5 8. c4 {The position is equal.} O-O 9. O-O a6 10. Ba4 Nb4 11. Nb3 Be7 12. c5 Ne4 (12... Bd7 $15 13. Bxd7 Nxd7) 13. a3 $11 Nc6 14. Rc1 Bd7 15. Nfd2 g5 16. Bg3 ({White should try} 16. Nxe4 $11 gxf4 17. Bxc6 Bxc6 18. Nc3) 16... Nxg3 $15 17. hxg3 Bf6 18. Qc2 (18. Rb1 $11) 18... Bg7 $17 19. Qb1 (19. Rfe1 $142) 19... f5 20. Nf3 (20. Qc2 $17) 20... Qf6 (20... g4 $19 21. Ne1 Qe7) 21. Rfd1 Rad8 (21... Qxb2 $6 22. Na5 $11) 22. Rd2 Be8 23. Qc2 Bh5 (23... e5 $17 24. Bxc6 bxc6 (24... Bxc6 25. Na5 $17)) 24. Bxc6 bxc6 25. Na5 Rc8 (25... f4 {keeps more tension.} 26. Nd4 fxe3 27. fxe3 Qe5) 26. Nb7 (26. Nd4 $15) 26... Rb8 (26... f4 $19 27. gxf4 gxf4) 27. Na5 Be8 (27... Qxb2 $2 28. Nxc6 Rb7 29. Nxg5 $18) (27... Rxb2 $6 28. Qxb2 Qxb2 29. Rxb2 Bxb2 30. Rb1 Bxa3 31. Nxg5 $11) 28. b4 e5 29. Qd1 h5 30. Qe2 {[#]} g4 (30... Ra8 $1 $17 {With the idea ...Ra7.} 31. Nb7 h4 32. gxh4 Bh5) 31. Nh4 $11 Bh6 $36 {[%mdl 2048] White is under pressure.} (31... f4 {is more complex.} 32. exf4 exf4 33. Qxa6 fxg3 34. fxg3 Bh6) 32. Qxa6 {[%cal Oh4f5] Threatens to win with Nxf5!} f4 33. Re1 (33. exf4 $11 {and White is okay.} exf4 34. Qd3) 33... Bg5 $2 (33... fxg3 $19 34. fxg3 Bg5) 34. exf4 exf4 (34... Bxh4 $2 {perishes.} 35. Rxe5 (35. gxh4 Qxf4 36. Re3 Qf6 $16) 35... Bd7 36. gxh4 $18) 35. Rde2 $2 {[%mdl 8192] Black continues to play with concentration.} (35. Qd3 $11) 35... fxg3 $19 36. fxg3 Bxh4 37. gxh4 Qxh4 38. Rf1 Rxf1+ 39. Kxf1 g3 {[%cal Rh4h1] [#]} 40. Ke1 Qf4 (40... Qf6 $142 41. Qd3 Bg6) 41. Nb3 (41. Qd3 {was worth a try.} Qc1+ 42. Qd1 Qxa3 43. Qb3 Qc1+ (43... Qxb4+ $2 {loses.} 44. Qxb4 Rxb4 45. Rxe8+ Kf7 46. Re2 $16) 44. Qd1 Qc3+ 45. Qd2 Qa1+ (45... Qxb4 46. Qxb4 Rxb4 47. Rxe8+ Kf7 48. Re7+ Kf6 49. Nxc6 $18) 46. Qd1) 41... h4 42. Qd3 Bh5 43. Qe3 Rf8 44. Qxf4 Rxf4 {[%mdl 4096] Endgame. KRB-KRN} 45. Re5 Bg4 {...h3 would now be deadly.} 46. Re3 Rf2 47. Re5 Kf7 48. Rg5 Rf4 {( -> ...h3)} 49. Nc1 Re4+ 50. Kd2 h3 51. gxh3 g2 {Weighted Error Value: White=1.01/Black=0.47.  Loses game:     	White=2     	---        Missed win:     	---       	Black=1      Mistake:       	White=5     	Black=5      Inaccurate:     	White=4     	Black=2      OK:         	White=9     	Black=13     Best:        	White=3     	Black=3} 0-1

[Event "45th FIDE Olympiad 2024"]
[Site "Budapest"]
[Date "2024.09.16"]
[Round "6.134"]
[White "Hernandez Guerrero, Gilberto"]
[Black "Efimov, Igor"]
[Result "0-1"]
[ECO "C13"]
[WhiteElo "2482"]
[BlackElo "2338"]
[Annotator "TA"]
[PlyCount "78"]
[EventDate "2024.09.05"]
[EventType "team-tourn"]
[EventCountry "HUN"]
[SourceTitle "playchess.com"]
[Source "ChessBase"]
[SourceQuality "1"]
[WhiteTeam "Mexico"]
[BlackTeam "Monaco"]
[WhiteTeamCountry "MEX"]
[BlackTeamCountry "MNC"]
[TimeControl "40/5400+30:1800+30"]

1. e4 e6 2. d4 d5 3. Nc3 Nf6 4. Bg5 dxe4 5. Nxe4 Be7 6. Bxf6 gxf6 7. Nf3 a6 8. Bd3 b5 9. Qe2 Nd7 {Against Nc5} 10. a4 Bb7 {White is slightly better.} 11. O-O b4 12. Rfe1 Nf8 13. c4 Ng6 14. Qe3 ({White should try} 14. d5 $16) 14... f5 $11 15. Ned2 O-O 16. Nb3 Bf6 17. Bf1 c5 18. dxc5 (18. d5 $1 $11 {keeps the balance.}) 18... Bxb2 $17 19. Rad1 Qc7 20. Rd6 Bc6 (20... Bc3 $17 {[%cal Ob7f3] ...Bxf3! is the strong threat.} 21. Red1 Bc6) 21. Ng5 $11 {And now Qh3 would win.} Rfe8 (21... Bxa4 $2 {too greedy.} 22. Qh3 f6 23. Nxe6 $18) 22. Qh3 (22. Nd4 $1 $11 Bxa4 23. Qh3) 22... Nf8 $17 23. Re3 (23. a5 $142) 23... Bg7 {This pair of bishops is nice.} 24. a5 Ba4 $1 25. Rb6 Bxb3 (25... Rab8 $1 $19 26. Qh4 Red8) 26. Rxb3 Qxc5 27. R6xb4 h6 (27... Qxa5 $2 {is the wrong capture.} 28. Rb7 Qd8 29. Nxf7 $18) 28. Nf3 Qxa5 {Black has more active pieces.} 29. Qh5 (29. Rb7 $17) 29... Ng6 ({Black should play} 29... Nh7 $1 $19 30. Rb7 Rf8) 30. Rb7 Qa1 31. g4 (31. Nh4 $17 Ne7 32. g4) 31... fxg4 $19 32. Qxg4 {[#]} a5 $1 {Hoping for ...a4.} 33. Nh4 $2 (33. Rb1 Qf6 34. R1b2) 33... Nxh4 34. Qxh4 a4 35. Rg3 {[#]} a3 $1 {Strongly threatening ...a2.} 36. Qxh6 a2 $2 (36... Qe5 {[%cal Oe5g3] White must now prevent ...Qxg3+!} 37. Qh4 a2) 37. Qh5 $2 (37. Qf4 Rf8 38. Rb5) 37... Qf6 {Black is clearly winning.} 38. Bd3 a1=Q+ (38... a1=B $2 {loses.} 39. Bh7+ Kf8 40. Rf3 $18) 39. Kg2 Qae5 {Weighted Error Value: White=0.53/Black=0.34.  Mistake:       	White=8     	Black=4      Inaccurate:     	---       	Black=1      OK:         	White=8     	Black=10     Best:        	---       	Black=5      Strong:       	---       	Black=2} 0-1

[Event "45th FIDE Olympiad 2024"]
[Site "Budapest"]
[Date "2024.09.16"]
[Round "6.135"]
[White "Levacic, Damir"]
[Black "Ibarra Chami, Luis Fernando"]
[Result "1/2-1/2"]
[ECO "E40"]
[WhiteElo "2097"]
[BlackElo "2427"]
[Annotator "TA"]
[PlyCount "136"]
[EventDate "2024.09.05"]
[EventType "team-tourn"]
[EventCountry "HUN"]
[SourceTitle "playchess.com"]
[Source "ChessBase"]
[SourceQuality "1"]
[WhiteTeam "Monaco"]
[BlackTeam "Mexico"]
[WhiteTeamCountry "MNC"]
[BlackTeamCountry "MEX"]
[TimeControl "40/5400+30:1800+30"]

1. d4 d5 2. c4 e6 3. Nc3 Bb4 4. a3 Bxc3+ 5. bxc3 Nf6 6. e3 c6 $1 {[%mdl 4] is recently more successful than 6...0-0. E40: Nimzo-Indian: Rubinstein (4 e3): Unusual Black 4th moves.} 7. Qc2 O-O 8. Nf3 b6 9. cxd5 cxd5 10. Bd3 Ba6 11. Bxa6 $146 ({Predecessor:} 11. O-O Qc8 12. a4 Bxd3 13. Qxd3 Nc6 14. Ba3 Re8 15. Nd2 Na5 16. Bb4 Nc4 17. Nxc4 dxc4 {½-½ Hartge,G (2093)-Schuetze,N (2295) Sachsen-Anhalt-ch 27th 2017 (7.1)}) 11... Nxa6 12. Qd3 Qc7 13. Bd2 Nb8 14. O-O Nbd7 15. Rfc1 Rfc8 16. a4 a6 17. Be1 Ne8 18. Nd2 Nd6 19. f3 Nc4 20. Bg3 Qb7 21. Nb3 Qc6 22. Ra2 h6 23. Re1 b5 24. a5 Nd6 25. Bxd6 Qxd6 26. Qd2 Rc4 27. Nc1 Qc7 28. Ne2 Ra4 29. Rea1 (29. Rxa4 $17 {might work better.} bxa4 30. c4) 29... Qxa5 $19 30. Rxa4 bxa4 31. Qa2 Nb6 32. Kf2 Re8 33. Qa3 Qb5 34. Ra2 Qd3 35. Nf4 Qd1 36. Qb4 Nc4 (36... Rb8 $17 {...Nd7 is the strong threat.} 37. h3 Qb3) 37. Qxa4 $11 Qxa4 38. Rxa4 a5 39. e4 g5 40. Nh5 Ra8 41. Ke2 Kf8 42. exd5 exd5 43. Nf6 Nb6 44. Ra2 a4 45. Kd3 Ke7 46. Ng4 h5 47. Ne3 Kd6 48. g3 Kc6 49. Nc2 Re8 50. Nb4+ Kb5 ({Black should play} 50... Kd6 $15 51. h4 gxh4 52. gxh4 Nc4) 51. Ra1 $11 Re6 52. Nxd5 Nxd5 53. c4+ Ka5 (53... Kb4 $1 $11 {remains equal.} 54. cxd5 (54. Rb1+ Ka5 $11) 54... Rb6) 54. cxd5 $16 Re8 55. d6 Rd8 {[#]} (55... Kb5 $16 {is a better defense.}) 56. Kc4 $1 $18 Rxd6 57. Kc5 Rd8 58. d5 Rc8+ 59. Kd6 Rc3 60. Ke7 $2 (60. Kd7 $18) 60... Re3+ $1 $14 (60... Rxf3 $2 61. Rd1 (61. d6 Re3+ 62. Kxf7 Rd3 $16) 61... Re3+ 62. Kxf7 Rf3+ 63. Kg8 $18) 61. Kd7 ({Better is} 61. Kxf7 $16 {Rd1 would now be deadly.} Rxf3+ 62. Ke6 Re3+ 63. Kf5) 61... a3 $14 ({Much weaker is} 61... Rxf3 62. Rd1 Kb6 63. d6 $16) 62. d6 Kb4 (62... Rxf3 $2 63. Rd1 $18) 63. Kc7 Rc3+ 64. Kb7 ({White should try} 64. Kd8 $14 Kb3 65. d7) 64... Rd3 $1 $16 (64... Rxf3 $2 65. Rd1 Re3 66. d7 $18) 65. Kc7 Rc3+ {[#]} 66. Kb7 (66. Kd8 $1 $16) 66... Rd3 $1 $14 (66... Rxf3 $2 {loses.} 67. Rd1 Re3 68. d7 $18) 67. Kc7 Rc3+ 68. Kb7 (68. Kd8 $1 $14) 68... Rd3 $1 (68... Rxf3 $2 {is the wrong capture.} 69. Rd1 Re3 70. d7 $18) 1/2-1/2

[Event "45th FIDE Olympiad 2024"]
[Site "Budapest"]
[Date "2024.09.16"]
[Round "6.136"]
[White "Palma Villanueva, Miguel Tadeo"]
[Black "Van Hoolandt, Patrick"]
[Result "1-0"]
[ECO "C78"]
[WhiteElo "2266"]
[BlackElo "2036"]
[Annotator "TA"]
[PlyCount "61"]
[EventDate "2024.09.05"]
[EventType "team-tourn"]
[EventCountry "HUN"]
[SourceTitle "playchess.com"]
[Source "ChessBase"]
[SourceQuality "1"]
[WhiteTeam "Mexico"]
[BlackTeam "Monaco"]
[WhiteTeamCountry "MEX"]
[BlackTeamCountry "MNC"]
[TimeControl "40/5400+30:1800+30"]

1. e4 e5 2. Nf3 Nc6 3. Bb5 a6 4. Ba4 Nf6 5. O-O b5 6. Bb3 Bc5 7. c3 d6 8. d4 exd4 9. cxd4 Bb6 10. h3 {Dodges Bg4} h6 11. e5 dxe5 12. dxe5 {White has an edge.} Qxd1 13. Rxd1 Ng8 14. Nc3 Ra7 (14... Nge7 $14) 15. Nd5 $16 Nge7 16. Nxb6 cxb6 17. Be3 Rb7 18. Rd6 {Hoping for Rc1. White has more active pieces.} Bd7 {[#] This move loses the game for Black.} (18... O-O $16) 19. Rc1 $1 $18 O-O {[%cal Be8g8,Bg8f8,Bf8f7,Bf7g7,Bg7h7][%mdl 32] [#]} 20. e6 $1 Be8 21. exf7+ Rxf7 22. g4 ({Don't do} 22. Bxf7+ Kxf7 23. Nd4 Nb4 $18) 22... Kf8 23. Bxf7 Kxf7 24. Nd4 Ne5 25. Ne6 {Nd8+ is the strong threat.} Rb8 {[#]} (25... Rd7) 26. Nxg7 $1 {[%mdl 512] White is clearly winning.} Kxg7 27. Bd4 (27. Bxh6+ Kf7 28. Rc7 N5g6) (27. Rxb6 Rxb6 28. Bxb6 N7c6 $11) (27. Rxh6 N7c6 28. g5 Bg6 $18) 27... Rb7 28. Bxe5+ Kh7 29. Rd8 Bf7 30. b3 Bd5 31. Rc7 {Weighted Error Value: White=0.03 (flawless) /Black=0.43.  Mistake:       	---       	Black=3      OK:         	White=8     	Black=4      Best:        	White=1     	---        Strong:       	White=1     	---} 1-0

[Event "45th FIDE Olympiad 2024"]
[Site "Budapest"]
[Date "2024.09.16"]
[Round "6.137"]
[White "Khusenkhojaev, Mustafokhuja"]
[Black "Galego, Luis"]
[Result "1-0"]
[ECO "E11"]
[WhiteElo "2283"]
[BlackElo "2444"]
[Annotator "TA"]
[PlyCount "57"]
[EventDate "2024.09.05"]
[EventType "team-tourn"]
[EventCountry "HUN"]
[SourceTitle "playchess.com"]
[Source "ChessBase"]
[SourceQuality "1"]
[WhiteTeam "Tajikistan"]
[BlackTeam "Portugal"]
[WhiteTeamCountry "TJK"]
[BlackTeamCountry "POR"]
[TimeControl "40/5400+30:1800+30"]

1. d4 Nf6 2. c4 e6 3. g3 Bb4+ 4. Bd2 Bxd2+ 5. Qxd2 O-O 6. Bg2 d5 7. Nf3 Qe7 8. O-O c5 9. cxd5 exd5 10. dxc5 Qxc5 {White is slightly better.} 11. Nc3 Nc6 12. Rac1 Be6 13. Rfd1 Qa5 14. Nd4 {Nxc6 would now be deadly.} Rfd8 15. Nxc6 bxc6 16. Ne4 Qxa2 17. Nxf6+ (17. Rxc6 $2 Nxe4 18. Bxe4 Qa4 19. Rxe6 fxe6 $19) 17... gxf6 18. Qd4 Rab8 19. Qxf6 Qxb2 20. Qg5+ Kh8 (20... Qg7 $14 21. Qf4 Qg4) 21. Rxc6 $16 Qxe2 $2 (21... a5 $16) 22. Qf6+ $1 $18 Kg8 23. Bf3 Qb2 {[#]} 24. Rd4 $2 (24. Rxe6 $1 $18 {Black must now prevent Re5.} Qxf6 (24... fxe6 $2 25. Rd4 $18) 25. Rxf6) 24... Bh3 $1 $14 25. Bg4 $40 {[%mdl 1152] White has compensation. White has some attack. Some like it hot} (25. Bxd5 $2 Qb1+) 25... Qa1+ 26. Bd1 Qb1 $1 27. Qg5+ Kh8 {[#]} 28. Rc7 {White has more active pieces.} (28. Rxd5 $2 {gets mated.} Qxd1+ 29. Rxd1 Rxd1#) (28. Rh6 $1 $16 Bf5 29. Qf6+ Kg8 30. Rh5) 28... Be6 $2 (28... Qg6 $11 29. Qxg6 (29. Rxd5 {is a self mate.} Qxg5 30. Rxf7 Qxd5) 29... fxg6) 29. Qf6+ {Weighted Error Value: White=0.26 (precise) /Black=0.44.  Loses game:     	---       	Black=3      Missed win:     	White=1     	---        Mistake:       	White=1     	Black=1      Inaccurate:     	White=1     	---        OK:         	White=11    	Black=2      Best:        	White=4     	Black=4      Strong:       	White=1     	Black=2} ({Not} 29. Rxa7 Qg6 30. Qe5+ Qg7 $14) 1-0